[Event "Metz op 31th"]
[Site "Metz"]
[Date "2013.04.23"]
[Round "5"]
[White "Wirig, Anthony"]
[Black "Dgebuadze, Alexandre"]
[Result "1/2-1/2"]
[ECO "A37"]
[WhiteElo "2481"]
[BlackElo "2515"]
[Annotator "Metz Alekhine/Primel,D"]
[PlyCount "101"]
[EventDate "2013.04.20"]
[EventType "swiss"]
[EventRounds "9"]
[EventCountry "FRA"]
[SourceTitle "EXT 2016"]
[Source "ChessBase"]
[SourceDate "2015.10.08"]
[SourceVersion "1"]
[SourceVersionDate "2015.10.08"]
[SourceQuality "1"]
[TimeControl "40/5400:1800+30"]
[WhiteClock "1:30:00"]
[BlackClock "1:30:00"]

1. Nf3 c5 2. c4 Nc6 3. g3 g6 4. Bg2 Bg7 5. Nc3 d6 6. d3 $5 (6. O-O {La ligne
principale mais les Blancs vont essayer de retarder le roque le plus longtemps
possible}) 6... Nh6 (6... e5) 7. h4 Bg4 8. Bd2 (8. Nd5 Qd7 9. Bd2 f6 10. Qc1
Nf7 {Turov,M (2667)-Predke,A (2454) Voronezh op 16th 2012 (7) 1-0}) (8. h5 $5
gxh5 9. Nd5 $44 {Grandelius,N (2515)-Mirumian,V (2506) Olomouc GM-A 2009 (3) 1/
2-1/2}) 8... Qd7 (8... f6 9. Qc1 Nf7) 9. Qc1 $146 (9. a3 Rc8 10. b4 b6 (10...
cxb4 11. axb4 Nxb4 12. Rxa7) 11. b5 $14 {Eljanov,V (2357)-Evdokimov,A (2555)
Politiken Cup 30th 2008 (6) 0-1}) 9... Ng8 10. Nd5 e6 11. Ne3 Bxf3 12. Bxf3 h5
$1 $11 13. Bg2 Nge7 14. Rb1 {[%cal Ga2a3,Gb2b4] Le thème
classique dans cette structure pour gagner de l'espace à l'aile-dame} Rc8 15.
Qd1 {La Qc1 est assez mal placée} (15. a3 Nd4 16. b4 $14 cxb4 17. axb4 b5 ) 15... Nd4 16. Nc2 Nxc2+ (16... O-O 17. Nxd4 cxd4 $11 ) 17. Qxc2 Nc6 $11 18. Qa4 b6 19. O-O Nd4 $1 20. Qxd7+ Kxd7 21. e3 Nc6 22. b4
(22. a3 ) 22... cxb4 23. Bxb4 Nxb4 24. Rxb4 Bc3 25. Rb3 Bf6 26.
Rfb1 Bd8 $1 {[%cal Gd8b6] Anticipe l'affaiblissement du P"b6"} 27. Ra3 a5 28.
Rab3 Rc5 29. Rb5 Rxb5 30. Rxb5 Bc7 {(=)} 31. Kf1 {[%cal Gf1e2,Ge2d2,Gd2c3,
Gc3b3,Gb3a4,Gb5b1,Ga4b5] Refuse la proposition mais l'avantage Blanc est très
minime} Rc8 32. Bb7 Rb8 33. Bg2 Rc8 34. Bb7 {Répète les coups pour gagner du
temps à la pendule avec l'incrément} Rb8 35. Bf3 Bd8 36. Bd1 Kc7 37. Ke2 Be7 38. d4 Rd8 39. Kd3 e5 40. Bf3 (40. Ke4 Bf6 41. Kd5 $14 {[%cal Gd1a4] Les Blancs ont un peu progressé} Re8 $1 42. Bf3 (42. Ba4 exd4) 42... exd4 43. exd4 Re1) 40... f5
41. Bd5 $1 Rf8 42. f4 $1 $14 {[%csl Rf5] La finale
est maintenant un peu meilleure pour les Blancs} exf4 43. exf4 Bf6 44. c5 $36
dxc5 45. dxc5 bxc5 46. Rxc5+ Kb6 47. Kc4 $16 {Les pièces Blanches sont
nettement plus actives} a4 48. Rc6+ Ka5 (48... Ka7 49. Kb4 Rb8+
50. Kxa4 Rb6 51. Rc7+) 49. Be6 Bd8 50. Rc8 Rf6 51. Bd5 {Suite illisible et
nulle au 78ème coup} (51. Rxd8 $5 Rxe6 52. Kc5 Ra6 {[%csl Ra5,
Ra6,Gc5,Gd8][%cal Gd8d6] Il fallait peut-être transposer en finale de R car
les Blancs gardent l'initiative} 53. a3 $36 ) 1/2-1/2

[Event "Metz op 31th"]
[Site "Metz"]
[Date "2013.07.25"]
[Round "8"]
[White "Donchenko, Alexander"]
[Black "Bedouin, Xavier"]
[Result "1-0"]
[ECO "A37"]
[WhiteElo "2428"]
[BlackElo "2387"]
[Annotator "Metz Alekhine/Primel,D"]
[PlyCount "71"]
[EventDate "2013.04.20"]
[EventType "swiss"]
[EventRounds "9"]
[EventCountry "FRA"]
[SourceTitle "EXT 2016"]
[Source "ChessBase"]
[SourceDate "2015.10.08"]
[SourceVersion "1"]
[SourceVersionDate "2015.10.08"]
[SourceQuality "1"]
[TimeControl "40/5400:1800+30"]
[WhiteClock "1:30:00"]
[BlackClock "1:30:00"]

1. c4 c5 2. g3 g6 3. Bg2 Bg7 4. Nc3 Nc6 5. Nf3 e6 6. d3 d5 {Un ordre de coups
assez rare et Nge7 a meilleure réputation} (6... Nge7 $142 7. O-O O-O 8. Bd2
d5 $11) 7. Bg5 $5 Nge7 8. Qc1 $146 (8. Rb1 h6 9. Bd2 {Hracek,Z (2628)
-Kovacevic,A (2563) EU-chT (Men) 18th 2011 (8.3) 1/2-1/2}) (8. O-O h6 9. Bd2 b6
{Matamoros Franco,C (2548)-Ftacnik,L (2532) Istanbul ol (Men) 40th 2012 (2.1)
0-1}) 8... h6 $6 {Les Noirs pourront difficilement roquer après ce coup} (8...
b6 {Plus souple} 9. a3 Bb7 10. Rb1 O-O 11. O-O (11. h4 $5)) 9. Bd2 b6 10. O-O
Bb7 11. Rb1 g5 12. a3 Rc8 13. h3 O-O 14. h4 f6 15. b4 cxb4 16. axb4 dxc4 17.
dxc4 Nf5 18. c5 bxc5 19. bxc5 Qe7 20. hxg5 hxg5 21. g4 $1 $16 Nh6 (21... Nh4) 22. Nxg5 $1 Nf7 (22... fxg5 23. Bxg5 Qxc5 24. Bxh6)
23. Nxf7 Rxf7 24. Nb5 $36 Ba6 25. Nd6 Rff8 26. Nxc8 Rxc8 27. Bxc6 Rxc6 28. Rb8+
Kf7 29. Qb1 f5 30. gxf5 Rxc5 31. Qb4 Rxf5 32. Qxe7+ Kxe7 33. e4 Rf7 34. Rd1 Kf6
35. Bc3+ Kg5 36. Rg8 1-0

[Event "Sautron op 16th"]
[Site "Sautron"]
[Date "2016.10.22"]
[Round "7.1"]
[White "Koziak, Vitali"]
[Black "Istratescu, Andrei"]
[Result "1/2-1/2"]
[ECO "A37"]
[WhiteElo "2479"]
[BlackElo "2600"]
[Annotator "RR"]
[PlyCount "93"]
[EventDate "2016.10.22"]
[EventType "swiss"]
[EventRounds "9"]
[EventCountry "FRA"]
[SourceTitle "EXT 2019"]
[Source "ChessBase"]
[SourceDate "2018.10.10"]
[SourceVersion "1"]
[SourceVersionDate "2018.10.10"]
[SourceQuality "1"]
[TimeControl "40/5400+30:1800+30"]
[WhiteClock "0:31:52"]
[BlackClock "0:25:20"]

1. Nf3 c5 2. c4 Nc6 3. Nc3 e5 (3... g6 $144 4. g3
Bg7 5. Bg2 e6 6. O-O Nge7 {L'alternative qui évite d'affaiblir la case "d5"})
4. g3 g6 5. Bg2 Bg7 6. O-O d6 7. d3 {[%emt 0:18:
54] Après une longue réflexion , les Blancs choisissent de suivre la grande
ligne} Nge7 8. Ne1 Be6 9. Nd5 O-O 10. Nc2 Rb8 (10... Qd7 11. Bd2 Bh3 12. e4 Bxg2 13.
Kxg2 f5 14. f3 Rf7 15. Bg5 Nxd5 16. exd5 Nb8 17. Qd2 Qe8 18. Rae1 Qf8 19. b4 b6
20. bxc5 bxc5 21. g4 Nd7 22. Ne3 Rb8 23. gxf5 gxf5 24. Rb1 Kh8 25. Rxb8 Qxb8
26. Kh1 Nf8 27. Qg2 Ng6 28. Rg1 Qf8 29. Qh3 a5 30. a4 Nf4 31. Bxf4 exf4 32. Ng2
Bd4 33. Nxf4 Rg7 34. Rxg7 Qxg7 35. Qg3 Qh6 36. Ne2 Qe3 37. Nxd4 cxd4 38. Qxd6
Qxf3+ 39. Kg1 Qe3+ 40. Kg2 {Ftacnik,L (2544)-Mista,A (2562) Czechia 2013 1/2-1/
2}) (10... f5 11. f4 Qd7 $11) 11. a4 (11. Bg5 f6 12. Bd2 b5
13. b3 (13. Rb1)) 11... a5 $11 {[%emt 0:02:26][%csl Gb4] L'aile-dame est
bloquée et la partie risque de se terminer rapidement par la nulle.} (11...
Qd7) (11... h6) 12. e4 $146 (12. Bg5 f6 13. Bd2 h6 14. Nce3 f5
15. Nxe7+ Nxe7 16. Qb3 b6 17. Nd5 Nxd5 18. Bxd5 Bxd5 19. cxd5 f4 20. Kg2 Qd7
21. Qc4 h5 22. Qe4 Qf5 23. f3 Qxe4 24. fxe4 fxg3 25. hxg3 Bf6 26. Rf3 Kg7 27.
Raf1 Be7 28. Kh3 g5 29. g4 Rxf3+ 30. Rxf3 h4 31. Rf5 Kg6 32. Kg2 b5 33. axb5
Rxb5 34. Bc3 a4 35. Rf1 a3 36. bxa3 Rb3 37. Rc1 Rxa3 38. Rc2 Kf7 39. Bd2 Ke8
40. Rb2 c4 41. Rb8+ Kd7 {Beliavsky,A (2630)-Eljanov,P (2641) Warsaw 2005 1/2-1/
2}) (12. Bd2 h6 13. Rb1 f5) 12... b6 13. Be3 Qd7 14. Qd2 Kh8 15. Rae1 Nb4 16. Ncxb4 axb4 17. b3 Nxd5 $1 {[%emt 0:10:37] Après l'échange, les
B n'ont plus de N pour occuper la case "c4"} 18. cxd5 Bh3 19. Bh6 Bxg2 20. Bxg7+ Kxg7 21. Kxg2 f5 22. f4 Rbe8 23. fxe5 (
23. Qb2 $5 ) 23... Rxe5 24. d4 $1 Rxe4 25. Rxe4 fxe4 26.
Rxf8 Kxf8 27. Qf4+ {[%emt 0:00:47] Après la
simplification massive, on pourrait penser que les deux adversaires proposent
la nulle mais ils vont jouer une finale de Q complètement égale.} Ke8 28. Qxe4+ Qe7 29. Qd3 (29. Qxe7+ Kxe7 30. dxc5 bxc5 (30... dxc5 $2 31. Kf3 Kd6 32.
Ke4 h6 33. h3 g5 34. g4 Kd7 35. Ke5 Ke7 36. d6+ Kd7 37. Kd5 ) 31.
Kf3 c4 $1 32. Ke3 c3 33. Kd3 Kd7 {Les Blancs risquent d'être en zugzwang à
cause du P passé} (33... Kf6 34. a5 Ke7 35. a6 Kd7) 34. h3 Kc7
35. Kc2 Kb6 36. Kd3 Kc5 $19) 29... Kd8 30. dxc5 dxc5 31. Qa6 (31. Kf2 Qf6+) 31... Qe4+ 32. Kf2 Qc2+ $1 33. Ke1 Kc7 34. Qa8 (34. d6+
Kxd6 35. Qxb6+) 34... Qc3+ 35. Ke2 Qe5+ 36. Kf2 Qf6+ 37. Ke3 Kd6 $5 (37... Qd4+) 38. Qc6+ Ke5 39. Qxf6+ Kxf6 40. Ke4 Ke7 41. Ke3 (41. Ke5 $2 c4 ) 41... g5 42. g4 $1 Kd6 (42... h6 43. h3 Kd6 44. Ke4 $11) 43. Ke4 h6 44. h3 Ke7 45. Ke3 Kf7 46. Kd3 Ke7 47. Ke4 1/2-1/2

[Event "Rohde op 12th"]
[Site "Sautron"]
[Date "2012.11.03"]
[Round "9"]
[White "Koziak, Vitali"]
[Black "Riff, Jean Noel"]
[Result "1/2-1/2"]
[ECO "A37"]
[WhiteElo "2503"]
[BlackElo "2473"]
[Annotator "RR"]
[PlyCount "51"]
[EventDate "2012.10.27"]
[EventType "swiss"]
[EventRounds "9"]
[EventCountry "FRA"]
[SourceTitle "EXT 2014"]
[Source "ChessBase"]
[SourceDate "2013.11.20"]
[SourceVersion "1"]
[SourceVersionDate "2013.11.20"]
[SourceQuality "1"]
[TimeControl "40/5400+30:1800+30"]
[WhiteClock "1:30:00"]
[BlackClock "1:30:00"]

1. Nf3 c5 2. c4 Nc6 3. Nc3 e5 4. g3 g6 5. Bg2 Bg7 6. O-O Nge7 7. Ne1 (7. d3) (7. a3 ) 7... d6 8. d3 (8. Nc2
O-O 9. d3 (9. Ne3)) 8... O-O 9. Nc2 Be6 10. Ne3 Qd7 11. Ned5 Bh3 12. Rb1 ({RR} 
12. Bh6) 12... Bxg2 13. Kxg2 Nxd5 ({RR} 13... Rac8 14. e4 Nxd5 15. Nxd5 Ne7 16. Nc3 Nc6 17. Be3 f5 18. f3
({RR} 18. Nd5 Ne7 19. Nc3) 18... f4 ({RR} 18... Rf7 19. Qd2 Rcf8 20. exf5 Rxf5)
19. Bg1 h5 20. Nd5 Rf7 21. g4 ({RR} 21. a3 Rcf8 22. b4 b6 23. Qa4 fxg3 24. hxg3
h4) 21... hxg4 22. fxg4 Rcf8 23. Qf3 Bf6 24. Bf2 Rh7 25. Nxf6+ ({RR} 25. a3 Bh4
26. Bg1 Nd8) 25... Rxf6 26. Rh1 g5 27. h3 b6 28. Rh2 {Aronian,L (2808)
-Grischuk,A (2747)/Kazan 2011/CBM 143/[Ramirez Alvarez]/0-1 (47)}) 14. cxd5 (14. Nxd5) 14... Nd4 15. e3 Nb5 16. Qa4 $146 ({RR} 16. a4 Nxc3 17. bxc3
e4 18. c4 exd3 19. Qxd3 Qxa4 20. Rb5 b6 21. Bd2 Qa6 22. Rfb1 Qb7 23. Bc3 Bxc3
24. Qxc3 Qe7 25. h4 Rfe8 26. R5b3 f6 27. Ra1 Rab8 28. Ra6 Rb7 29. Rba3 Rf8 30.
Qc2 Kg7 {Karlsson,L (2550)-Ernst,T (2450)/Uppsala 1985/MCD/1/2-1/2 (69)}) 16...
a6 17. b4 Rfd8 18. Bd2 Rac8 19. Qb3 Nxc3 20. Bxc3 b5 21. bxc5 dxc5 22. e4 c4 23. Qd1 cxd3 24. Qxd3 Rc4 25. Rb4 Rc5 26. Rfb1 1/2-1/2

[Event "Moscow Tal Memorial 6th"]
[Site "Moscow"]
[Date "2011.11.16"]
[Round "1"]
[White "Kramnik, Vladimir"]
[Black "Nepomniachtchi, Ian"]
[Result "0-1"]
[ECO "A37"]
[WhiteElo "2800"]
[BlackElo "2730"]
[Annotator "Ramirez Alvarez,A"]
[PlyCount "106"]
[EventDate "2011.11.16"]
[EventType "tourn"]
[EventRounds "9"]
[EventCountry "RUS"]
[EventCategory "22"]
[SourceTitle "CBM 146"]
[Source "ChessBase"]
[SourceDate "2012.01.18"]
[SourceVersion "1"]
[SourceVersionDate "2012.01.18"]
[SourceQuality "1"]
[TimeControl "6000+30"]

1. Nf3 c5 2. c4 Nc6 3. Nc3 e5 4. g3 g6 5. Bg2 Bg7 6. a3 d6 7. O-O Nge7 {
This solid setup for Black has a great deal of value and is an interesting way
of meeting the English Opening.} 8. b4 {This pawn is completely poisoned, but
the queenside expansion doesn't guarantee White an advantage. Black must be
swift, though, or he will be crushed strategically.} (8. Ne1 {with the idea of
Nc2-e3 is a common idea in this position, but White would definitely omit a3
in that case.}) 8... e4 9. Ne1 f5 10. Bb2 O-O 11. d3 Be6 12. dxe4 (12. Rb1 $5 {
The game seems highly unstable, but I'd prefer White.}) 12... fxe4 13. Bxe4
Bxc4 {This strange looking position is actually not new. It's hard to say
exactly what is going on in this position, but let's give it a try. Black
dreams of pushing forward his d-pawn, causing problems for the white pieces
which currently hold the centre. Black has a nagging pin on the long dark
diagonal. On the other hand, White's pawn structure is slightly healthier. The
next few moves are very key to determine who will win the opening battle.} 14.
Nc2 $6 {The first new move of the game doesn't seem to be particularly
successful. The move does little to impair the advance of the d-pawn.} (14. Nd3
{had been tried before} d5 15. Bg2 Bxd3 16. exd3 (16. Qxd3 $5 c4 17. Qd1 d4 18.
Ne4 {and the pair of bishops does cause the central push some problems.}) 16...
cxb4 17. axb4 Nxb4 18. Qb3 a5 19. Ba3 {and White had some compensation for the
pawn, but it's not clear how much in Zubarev-Borovikov, Ukraine ch 2008.
Notice the recurring theme of the advancing central pawns.}) (14. bxc5 dxc5 15.
Nd3 Nd4 $1 {gives Black a lot of activity, although the position is still
incredibly murky.}) 14... d5 15. Bg2 d4 $6 {Nepo goes for the throat. It was
possible to hold the centre for a little longer.} (15... b6 {and Black's
position must be preferable. His strong pawn centre and greater activity can't
be understimated, and White doesn't have a clear next move.} 16. Ne3 $2 d4 17.
Nxc4 dxc3 {is atrocious for White.}) 16. Ne4 (16. Na4 $2 b6 $1 17. bxc5 $2 b5
$19 {is a nice trick.}) 16... Bxe2 {I don't think any other move made sense
after having played d4 so soon, but who will come out of the tactical melee on
top?} 17. Qxe2 d3 18. Qg4 Bxb2 19. Rad1 Qc8 20. Qxc8 Raxc8 21. Rxd3 cxb4 (21...
c4 22. Rd7 b5 23. Rb1 Bg7 24. Nd6 $14 {is too risky for Black. Despite the
fact that he has a strong passed pawn on c4, White has too much activity and
is currently blocking the advance of the said pawn. Black will be lucky if he
only loses a little bit of material.}) 22. axb4 Rcd8 {The dust has cleared
somewhat and it seems clear that Black got no advantage from the tactical
operations. However he isn't worse either, the game actually looks drawish
because of the opposite coloured bishops. Surely nothing unfortunate could
happen to Kramnik here.} 23. Rxd8 Rxd8 24. Rb1 (24. b5 {was more precise,
since now Black does not have ...Nd4, it forces the N to a5 where it would be
quite uncomfortable..} Nd4 25. Rb1 $14) 24... Bg7 25. h4 b5 26. Bf1 a6 27. Nc5
$6 {This is the start of Vlad's downfall. He allows Ian to gather a strong
initiative. It would've been safer to simply play...} (27. Bh3 {and keep an
eye on d2.}) 27... Rd2 28. Ne3 Bd4 29. Ne4 $6 {Backtracking, but it is too
late...} (29. Nxa6 Ne5 30. Bxb5 Nf5 {and for all of White's extra material his
position is very, very dicey. White might not be lost immediately but it seems
incredibly frightening to play this over the board. Let's look at some lines.}
31. Nxf5 (31. Nd1 Ng4 32. Nc5 $1 {This move might be the only one that allows
White to survive, but it isn't natural.} Nxf2 33. Nxf2 Bxf2+ 34. Kh1 {It seems
that white survives this position, but that can only be accurately said with
the help of a computer.} Bxg3 (34... Nxg3+ 35. Kg2 Bxc5+ 36. Kxg3 Bd6+ $11) 35.
Ne4 Rh2+ 36. Kg1 Bf4 (36... Be5 37. Nf6+ Kg7 38. Ng4 $11 {is a nice little
trick forcing further simplifications.}) 37. h5 $1 {and White can definitely
hope to survive this.}) 31... gxf5 $1 32. Kf1 $1 {More computer moves!} (32.
Rf1 $6 Ng4 33. Bc6 Bxf2+ 34. Kh1 Bxg3 {is very dangerous, as the f-pawn is
taboo.} 35. Rxf5 $2 Rh2+ 36. Kg1 Bf2+ 37. Rxf2 Rxf2 $17 {and White might hold
the endgame, but again it looks unlikely.}) 32... Rxf2+ 33. Ke1 Nf3+ 34. Kd1
$11 {and I can't find a forced win for Black. Actually I can't even find an
advantage. But, like most of the variations that start with 29.Nxa6, this
looks ridiculous from the perspective of a human who is in time pressure.})
29... Rb2 30. Rxb2 Bxb2 31. Nc2 Nd5 {The b4-pawn is lost, and the endgame is
most unpleasant. The opposite coloured bishops is the only thing giving White
any hope for a draw.} 32. Nc5 Ndxb4 33. Nxb4 Nxb4 34. Nd3 (34. Nxa6 $5 Nxa6 35.
Bxb5 Nc5 36. Kg2 {I'm not 100% sure on how easy it is to break down this
fortress. It is not easy to coordinate an attack on the white pawns, since
Black's bishop is the wrong color and the bishops can never be forced to be
traded for each other. I guess Vlad didn't see a need for this though.}) 34...
Nxd3 35. Bxd3 {It seems that the opposite coloured bishops are scream DRAW.
However things are not so easy just yet.} Kf7 36. f4 (36. h5 gxh5 37. Bxh7 a5
38. Bd3 b4 {is just hopeless, the bishop must guard the pawns for as long as
possible.}) 36... Ke6 37. Kf2 Kd5 38. Ke2 Kc5 39. Kd2 $2 {This is not the
losing move, but the idea is already incorrect. Kramnik should've immediately
forced the liquidation of the kingside.} (39. f5 {would have drawn.} gxf5 (
39... a5 40. fxg6 hxg6 (40... a4 41. Bf5 a3 42. Be6 hxg6 43. Kd3) 41. Bxg6 a4
42. Kd3 $11) 40. Bxf5 a5 (40... h6 41. g4 b4 (41... Bf6 42. g5 hxg5 43. hxg5
Bxg5 44. Kd3 {and the bishop will keep the pawns under attack from behind,
preventing Black from ever making any progress as he cannot go "around" the
pawns.}) 42. Be6 a5 43. g5 a4 44. Bd7 {is a simple draw.}) 41. Bxh7 a4 42. Kd3
Be5 43. Bf5 Bxg3 44. Bd7 $11) 39... a5 40. f5 $2 {White has played in a very
standard manner so far. He is trying to get rid of all the kingside pawns, but
first he brought his king to catch the queenside pawns. It is hard to believe
that such simple logic would have failed so completely.} (40. g4 a4 41. Bc2 {
might still hold, but it isn't as easy.}) 40... a4 $19 (40... gxf5 $2 {
transposes to the previous line} 41. Bxf5 h6 42. g4 Bf6 43. g5 hxg5 44. hxg5
Bxg5+ 45. Kc2 a4 46. Bd7) 41. Bc2 $2 {White has played in a very standard
manner so far. He is trying to get rid of all the kingside pawns, but first he
brought his king to catch the queenside pawns. It is hard to believe that such
simple logic would have failed so completely.} (41. fxg6 b4 $1 {must have been
what Kramnik missed originally. Black isn't forced to retake on g6 since the B
is neatly controlling the white pawns. On the other hand, no one is able to
catch the queenside pawns anymore.} 42. gxh7 (42. Bc2 b3 43. Bxb3 axb3 44. gxh7
Kb4 $1 $19) 42... Bc3+ 43. Ke3 a3 $19) 41... a3 42. Bb1 gxf5 {Now that the
kingside pawns cannot be exchanged, Black is able to create two passers on
opposite flanks, overburdening the K and the B.} 43. Kc2 Kb4 44. Ba2 Be5 45.
Be6 a2 (45... h5 {was slightly easier.}) 46. Bxa2 Bxg3 47. h5 h6 48. Kd3 Ka3
49. Bd5 b4 50. Kc2 Be5 51. Bb3 f4 52. Bd5 Bf6 53. Kb1 b3 {Black will now
proceed to swing the K to aid the f-pawn after cementing the pawn on b2; there
is nothing White can do about it. There is a saying that it takes more than
one minor mistake to lose a chess game. Kramnik erred several times, and
although he almost scraped a draw, he just erred one time too many.} 0-1